 Dungeon Crawl Stone Soup version 0.29.0-4-gdea44cf6ec (webtiles) character file.

Game seed: 3651658955547572722

96 qw the Chopper (level 4, -9/26 HPs)
             Began as a Tengu Warper on Aug 28, 2022.
             Mangled by Natasha (13 damage)
             ... on level 2 of the Dungeon.
             The game lasted 00:00:12 (1815 turns).

qw the Chopper (Tengu Warper)                       Turns: 1815, Time: 00:00:13

Health: -9/26      AC:  3    Str: 13    XL:     4   Next: 67%
Magic:  8/8        EV: 12    Int: 13    God:
Gold:   113        SH:  0    Dex: 14    Spells: 7/7 levels left

rFire   . . .      SeeInvis .   Y - +0 hand axe
rCold   . . .      Faith    .   (no shield)
rNeg    . . .      Spirit   .   b - +0 leather armour
rPois   .          Reflect  .   (helmet restricted)
rElec   .          Harm     .   (no cloak)
rCorr   .          Rampage  .   (no gloves)
Will    .....                   (boots unavailable)
Stlth   +.........              (no amulet)
HPRegen 0.08/turn               (no ring)
MPRegen 0.11/turn               (no ring)

@: slowed, very slow
A: beak, talons 3
a: no special abilities


You were on level 2 of the Dungeon.
You visited 1 branch of the dungeon, and saw 2 of its levels.

You collected 113 gold pieces.


Innate Abilities, Weirdness & Mutations

You have a beak for a mouth.
You have claws for feet.


   Skills:
 - Level 2.0 Fighting
 + Level 5.2 Axes
 - Level 1.0 Throwing
 - Level 1.1 Armour
 - Level 2.1 Dodging
 - Level 2.0 Spellcasting
 - Level 2.4 Translocations


You had 7 spell levels left.
You didn't know any spells.
Your spell library contained the following spells:

 Spells                   Type           Power      Damage    Failure   Level
 Blink                    Tloc           14%        N/A       19%         2
 Gell's Gravitas          Tloc           7%         N/A       36%         3
 Lesser Beckoning         Tloc           7%         N/A       36%         3
 Teleport Other           Tloc           7%         N/A       36%         3
 Manifold Assault         Tloc           7%         N/A       98%         5

Inventory:

Hand Weapons
 k - a +0 mace
 Y - a +0 hand axe (weapon)
Armour
 b - a +0 leather armour (worn)
 c - a +0 buckler
Jewellery
 a - a ring of positive energy
Scrolls
 d - a scroll of enchant armour {unknown}
 e - a scroll of teleportation
Potions
 f - 2 potions of heal wounds {unknown}
 g - 2 potions of might
 i - a potion of lignification {unknown}
 j - a potion of flight {unknown}

Dungeon Overview and Level Annotations

Branches:
Dungeon (2/15)

Altars:

Annotations:
D:2 Natasha, Terence


Message History

You kill the hobgoblin!
An adder comes into view.
The adder hisses angrily.
The adder completely misses you.
You closely miss the adder. You claw the adder. You peck the adder.
The adder is severely wounded.
The adder closely misses you.
You closely miss the adder. You claw the adder. You peck the adder.
You kill the adder!
A kobold comes into view. It is wielding a +0 short sword.
The kobold throws a stone.
The stone misses you.
The kobold hits you with a +0 short sword.
You closely miss the kobold. You claw the kobold.
You kill the kobold!
Things that are here:
a +0 short sword; 2 stones Natasha, Servant of Life and Death comes into view.
She is carrying a wand of light (14).
Natasha hisses angrily.
1809 ||| Stepping ~*~*~tactically~*~*~ (hiding).
Natasha zaps a wand.
The bolt of light hits you!
Ouch! That really hurt!
You hit Natasha. Your peck misses Natasha.
Natasha is lightly wounded.
Natasha drinks a potion.
Natasha seems to grow stronger.
You hit Natasha.
Natasha is moderately wounded.
Natasha closely misses you.
You hit Natasha but do no damage. You peck Natasha, but do no damage.
Natasha is moderately wounded.
Natasha casts a spell at you.
You feel yourself slow down.
You hit Natasha. Your kick misses Natasha.
Natasha is heavily wounded.
Natasha casts a spell at you. The magic dart hits you!
Natasha howls an incantation.
You feel troubled. Natasha claws you!
Ouch! That really hurt!
You die...

###.#######.#
....%....##.# #####
###.##.#.##.# #...#
#.#.#..##.###.#.###
#..###.##.#...#...#
##.###.......#####.#
#....<..#..#..<#...#
##.##....#..##.#.###
.......##...#.@.#
###....#.....#h##
##.#.........#
#.#.#.....#.#
....##. .##.#
#...###.. #.# ## #.#
..#


You could see Natasha (strong).

Vanquished Creatures
  Jessica (D:2)
  2 adders (D:2)
  A worm (D:2)
  A dart slug (D:2)
  A bat (D:2)
  6 endoplasms
  A giant cockroach (D:2)
  3 hobgoblins
  7 kobolds
  A quokka (D:1)
  7 ball pythons (D:1)
  4 frilled lizards (D:1)
  7 goblins
  5 rats
47 creatures vanquished.

Notes
Turn   | Place    | Note
-------+----------+-------------------------------------------
     0 | D:1      | qw the Tengu Warper began the quest for the Orb.
     0 | D:1      | Reached XP level 1. HP: 12/12 MP: 4/4
     0 | D:1      | 0 ||| qw: Version: 0.1-a-89-g26bdef1
     0 | D:1      | 0 ||| qw: Game counter: 332
     0 | D:1      | 0 ||| qw: Always use a shield: true
     0 | D:1      | 0 ||| qw: God list: Okawaru
     0 | D:1      | 0 ||| qw: Allow faded altars: false
     0 | D:1      | 0 ||| qw: Do Orc after D:15 true
     0 | D:1      | 0 ||| qw: Do second Lair branch before Depths: true
     0 | D:1      | 0 ||| qw: Lair rune preference: random
     0 | D:1      | 0 ||| qw: Plans: Normal
     0 | D:1      | 0 ||| PLANNING D:1-11
    24 | D:1      | 24 ||| Stepping ~*~*~tactically~*~*~ (stealth).
   106 | D:1      | 106 ||| Stepping ~*~*~tactically~*~*~ (stealth).
   111 | D:1      | 111 ||| Stepping ~*~*~tactically~*~*~ (stealth).
   268 | D:1      | Reached skill level 3 in Axes
   268 | D:1      | Reached XP level 2. HP: 17/17 MP: 6/6
   436 | D:1      | 436 ||| DROPPING +0 club.
   445 | D:1      | 445 ||| Stepping ~*~*~tactically~*~*~ (stealth).
   447 | D:1      | 447 ||| Stepping ~*~*~tactically~*~*~ (stealth).
   463 | D:1      | 463 ||| Stepping ~*~*~tactically~*~*~ (stealth).
   548 | D:1      | 548 ||| Stepping ~*~*~tactically~*~*~ (stealth).
   571 | D:1      | 571 ||| Stepping ~*~*~tactically~*~*~ (stealth).
   572 | D:1      | 572 ||| Stepping ~*~*~tactically~*~*~ (stealth).
   574 | D:1      | 574 ||| Stepping ~*~*~tactically~*~*~ (stealth).
   583 | D:1      | 583 ||| Stepping ~*~*~tactically~*~*~ (stealth).
   591 | D:1      | 591 ||| Stepping ~*~*~tactically~*~*~ (stealth).
   610 | D:1      | 610 ||| Stepping ~*~*~tactically~*~*~ (stealth).
   612 | D:1      | 612 ||| Stepping ~*~*~tactically~*~*~ (stealth).
   617 | D:1      | 617 ||| Stepping ~*~*~tactically~*~*~ (stealth).
   619 | D:1      | 619 ||| Stepping ~*~*~tactically~*~*~ (stealth).
   621 | D:1      | 621 ||| Stepping ~*~*~tactically~*~*~ (stealth).
   714 | D:1      | Reached XP level 3. HP: 18/21 MP: 7/7
   867 | D:1      | 867 ||| Stepping ~*~*~tactically~*~*~ (stealth).
   891 | D:1      | 891 ||| Stepping ~*~*~tactically~*~*~ (stealth).
   917 | D:1      | 917 ||| READING scroll labelled IDIPNU FISU.
   918 | D:1      | 918 ||| READING 2 scrolls labelled TURCHY WIAMIEL.
   921 | D:1      | 921 ||| READING scroll labelled XITILUA EDEOLE.
   922 | D:1      | 922 ||| READING scroll labelled VURUTT TESMIPH.
   923 | D:1      | 923 ||| READING scroll labelled NUALLE IMISONLU.
   924 | D:1      | 924 ||| DROPPING scroll of blinking.
   962 | D:2      | Reached skill level 4 in Axes
   962 | D:2      | 962 ||| STAIRDANCE
  1047 | D:2      | 1047 ||| Stepping ~*~*~tactically~*~*~ (hiding).
  1135 | D:2      | Noticed Jessica
  1140 | D:2      | Killed Jessica
  1141 | D:2      | Reached XP level 4. HP: 21/26 MP: 8/8
  1343 | D:2      | 1343 ||| Stepping ~*~*~tactically~*~*~ (stealth).
  1414 | D:2      | 1414 ||| FLEEEEING.
  1415 | D:2      | 1415 ||| FLEEEEING.
  1416 | D:2      | 1416 ||| FLEEEEING.
  1419 | D:2      | 1419 ||| FLEEEEING.
  1490 | D:2      | Reached skill level 5 in Axes
  1503 | D:2      | 1503 ||| Stepping ~*~*~tactically~*~*~ (stealth).
  1646 | D:2      | Noticed Terence
  1808 | D:2      | Noticed Natasha
  1809 | D:2      | 1809 ||| Stepping ~*~*~tactically~*~*~ (hiding).
  1815 | D:2      | HP: 4/26 [Natasha/magic dart (7)]
  1815 | D:2      | Mangled by Natasha

Levels and vault maps discovered:
D:1:      dpeg_arrival_renting, layout_basic
D:2:      wad_crossroads, layout_loops_ring,
          hellmonk_ecumenical_altar_leap_of_faith, st_stairs_11, uniq_natasha,
          uniq_jessica, uniq_terence

Skill      XL: |  1  2  3  4 |
---------------+-------------+-----
Axes           | 3 4 5 |  5.2
Fighting       | |  2.0
Throwing       | |  1.0
Armour         | |  1.1
Dodging        | |  2.1
Spellcasting   | |  2.0
Translocations | |  2.4

Action                   |  1- 3 |  4- 6 || total
-------------------------+-------+-------++-------
Melee: Hand axe          |    60 |    36 ||    96
       Kick              |     7 |    12 ||    19
       Peck              |     5 |     4 ||     9
       Punch             |       |     1 ||     1
Throw: Boomerang         |     7 |       ||     7
  Use: Scroll            |     5 |       ||     5
 Stab: Distracted        |     1 |       ||     1
Armor: Leather armour    |    12 |     5 ||    17
Dodge: Dodged            |    23 |    18 ||    41

Table legend:
 A = Non-vault XP
 B = Vault XP
 C = Vault XP percentage of total XP
 D = Non-vault monster count
 E = Vault monster count
 F = Vault count percentage of total count
                 A         B        C        D         E       F
            +---------+---------+-------+---------+---------+-------
      Total |      90 |      48 |  34.8 |      39 |       8 |  17.0
            +---------+---------+-------+---------+---------+-------
        D:1 |      41 |       0 |   0.0 |      27 |       0 |   0.0
        D:2 |      49 |      48 |  49.5 |      12 |       8 |  40.0
            +---------+---------+-------+---------+---------+-------
